 Dungeon Crawl Stone Soup version 0.29-a0-791-ga0f254aafb (webtiles) character file.

Game seed: 15056737358674204885

38 Malachi the Shooter (level 3, -2/24 HPs)
             Began as an Octopode Hunter on July 3, 2022.
             Was an Initiate of Gozag.
             Slain by a goblin
             ... wielding a +0 dagger
             ... led by Robin
              (4 damage)
             ... on level 2 of the Dungeon.
             The game lasted 00:01:52 (1489 turns).

Malachi the Shooter (Octopode Hunter)               Turns: 1489, Time: 00:01:52

Health: -2/24      AC:  1    Str:  9    XL:     3   Next: 43%
Magic:  3/3        EV: 13    Int: 15    God:    Gozag
Gold:   171        SH:  0    Dex: 16    Spells: 2/2 levels left

rFire   . . .      SeeInvis .   (no weapon)
rCold   . . .      Faith    .   (no shield)
rNeg    . . .      Spirit   .   (helmet restricted)
rPois   .          Reflect  .   (no amulet)
rElec   .          Harm     .   (no ring)
rCorr   .          Rampage  .   (no ring)
Will    .....                   (no ring)
Stlth   ++........              (no ring)
HPRegen 0.08/turn               (no ring)
MPRegen 0.08/turn               (no ring)
                                (no ring)
                                (no ring)

@: confused, mighty, weak-willed, ambrosia-drunk, gold aura, hasted, very quick
A: almost no armour, amphibious, 8 rings, camouflage 1, gelatinous body 1,
(nimble swimmer 1), tentacles, tentacle spike 1, clever 1
a: Renounce Religion, Potion Petition, Call Merchant, Bribe Branch


You were on level 2 of the Dungeon.
You worshipped Gozag.
Gozag was aware of your devotion.
You visited 1 branch of the dungeon, and saw 2 of its levels.

You collected 171 gold pieces.

Inventory:

Hand Weapons
 a - a +0 shortbow
Jewellery
 c - an amulet of regeneration
 k - a +6 ring of dexterity
Scrolls
 b - 4 scrolls of immolation
 i - a scroll of identify
Potions
 g - a potion of haste


   Skills:
 * Level 2.2 Fighting
 * Level 5.0 Ranged Weapons
 - Level 2.0 Dodging
 - Level 1.5 Stealth


You had 2 spell levels left.
You didn't know any spells.
Your spell library was empty.

Dungeon Overview and Level Annotations

Branches:
Dungeon (2/15)

Altars:
Gozag

Annotations:
D:2 Robin


Innate Abilities, Weirdness & Mutations

You cannot wear most types of armour.
You are amphibious.
You can wear up to eight rings at the same time.
Your skin changes colour to match your surroundings (Stealth+).
Your rubbery body absorbs attacks. (AC +1, EV +1)
((You are camouflaged when in or above water. (Stealth+)))
You have tentacles for arms and can constrict up to eight enemies at once.
One of your tentacles bears a spike.
Your mind is acute. (Int +4, Str/Dex -1)


Message History

The goblin closely misses you. The goblin hits you with a +0 dagger.
The goblin hits you with a +0 club. x2
It was a potion of haste.
You feel yourself speed up. The goblin hits you with a +0 club.
The goblin closely misses you. x2
The goblin hits you with a +0 dagger.
* * * LOW HITPOINT WARNING * * *
It was a potion of might.
You feel very mighty all of a sudden. The goblin hits you with a +0 dagger.
* * * LOW HITPOINT WARNING * * *
The goblin completely misses you. The goblin misses you.
The goblin hits you but does no damage.
It was a potion of ambrosia.
You are confused.
You feel invigorated.
You are now empty-tentacled.
Unknown command.
You bump into the rock wall.
The goblin barely misses you. The goblin closely misses you.
The goblin barely misses you. The goblin hits you with a +0 dagger.
* * * LOW HITPOINT WARNING * * *
You closely miss the goblin.
Your tentacle spike misses the goblin.
You squeeze the goblin.
You kill the goblin!
The goblin closely misses you. The goblin hits you with a +0 dagger.
* * * LOW HITPOINT WARNING * * *
The goblin hits you with a +0 club.
* * * LOW HITPOINT WARNING * * *
Unknown command.
You closely miss the goblin.
Your tentacle spike misses the goblin.
You completely miss the goblin.
The goblin is moderately wounded.
The goblin hits you with a +0 dagger.
* * * LOW HITPOINT WARNING * * *
The goblin is distracted by your dazzling golden aura.
Robin hits you with a +0 club.
* * * LOW HITPOINT WARNING * * *
The goblin hits you with a +0 dagger.
You die...
Your body crumbles into a pile of gold.

.#..J. #..#..#####
+####...
#..'...###.....###..
#?.#....###.....###.
#..#.....###..S..###
#..##.....###.....##
#.g###..... ##.....#
#.g#####$#######+###
#gg@ggg.g...........
#.##g###### #.#####.
#....# #.#####.
####.# #......# #.#
#####.#. #)# #.##
#.# #.# #.# #.# #.#
#.#


You could see Robin (weak-willed), 2 hobgoblins and 6 goblins.

Vanquished Creatures
  2 dart slugs (D:1)
  3 ball pythons (D:1)
  5 bats
  2 endoplasms
  7 goblins
  A hobgoblin (D:1)
  3 kobolds
  A quokka (D:1)
  3 frilled lizards (D:1)
  3 rats (D:1)
30 creatures vanquished.

Notes
Turn   | Place    | Note
-------+----------+-------------------------------------------
     0 | D:1      | Malachi the Octopode Hunter began the quest for the Orb.
     0 | D:1      | Reached XP level 1. HP: 14/14 MP: 1/1
   259 | D:1      | Found a faded altar of an unknown god.
   279 | D:1      | Reached XP level 2. HP: 13/19 MP: 2/2
   438 | D:1      | Prayed at the altar of an unknown god.
   438 | D:1      | Became a worshipper of Gozag Ym Sagoz the Greedy
   883 | D:1      | Reached XP level 3. HP: 18/24 MP: 3/3
  1465 | D:2      | Noticed Robin
  1476 | D:2      | Reached skill level 5 in Ranged Weapons
  1479 | D:2      | Gained mutation: One of your tentacles bears a spike.
                  | [potion of mutation]
  1479 | D:2      | Gained mutation: Your mind is acute. (Int +4, Str/Dex -1)
                  | [potion of mutation]
  1487 | D:2      | HP: 1/24 [goblin/+0 club[Robin] (3)]
  1489 | D:2      | Slain by a goblin

Illustrated notes

Levels and vault maps discovered:
D:1:      enne_arrival_octagon_isle, layout_loops_corners,
          ebering_ecumenical_altar_webs
D:2:      layout_loops_ring, serial_shops, nicolae_shop_crystal,
          minmay_quadrilaterals, uniq_natasha, uniq_robin

Skill      XL: |  1  2  3 |
---------------+----------+-----
Ranged Weapons | 5 |  5.0
Fighting       | |  2.2
Dodging        | |  2.0
Stealth        | |  1.5

Action                   || total
-------------------------++-------
Melee: Unarmed           ||     3
       Tentacles         ||     1
 Fire: Shortbow          ||    65
  Use: Potion            ||     6
       Scroll            ||     2
Armor: Skin              ||     3
Dodge: Dodged            ||    34

Table legend: (Time is in decaauts)
 A = Elapsed time spent in this place.
 B = Non-inter-level travel time spent in this place.
 C = Inter-level travel time spent in this place.
 D = Time resting spent in this place.
 E = Time spent auto-exploring this place.
 F = Levels seen in this place.
 G = Mean time per level.
                   A        B        C        D        E       F      G
               +--------+--------+--------+--------+--------+-----+--------+
         Total |   1504 |   1457 |     47 |      0 |   1308 |   2 |  752.0 |
       Dungeon |   1504 |   1457 |     47 |      0 |   1308 |   2 |  752.0 |
               +--------+--------+--------+--------+--------+-----+--------+

Top non-repeatable levels by time:
     D:1: 1303 daAuts
     D:2: 200 daAuts
